Map: Romanticide LE

Players

BadHairDayX

  • Race: Zerg Zerg
  • League: Master
  • Spawn Location: 11:00

Heeebster - Winner!

  • Race: Protoss Protoss
  • League: Diamond
  • Spawn Location: 5:00

VOD

Have the link to the VOD?

Description

Time

  • Played on: Nov. 16, 2020, 7:47 p.m.
  • Length: 3:29
Show
View Real Time Build Order
Export as new Build Order

BadHairDayX Zerg 

Build Orders: Hatch First 

Get SALT Encoding   

  12  0:00  Drone  
  13  0:12  Overlord  
  13  0:17  Drone  
  14  0:30  Drone x2  
  16  0:48  Hatchery  
  15  0:51  Drone  
  15  0:54  Drone  
  17  0:57  Drone  
  18  1:06  Drone  
  18  1:08  Extractor  
  18  1:16  Spawning Pool  
  17  1:19  Drone  
  18  1:28  Drone  
  19  1:38  Drone  
  20  2:02  Queen, Hatchery  
  20  2:05  Queen  
  23  2:14  Zergling x2  
  23  2:15  Zergling x2  
  25  2:17  Zergling x2  
  26  2:31  Zergling x6  
  28  2:38  Overlord  
  27  2:45  Spine Crawler  
  26  2:55  Zergling x4  
Show
View Real Time Build Order
Export as new Build Order

Heeebster Protoss - Winner!

Build Orders:  

Get SALT Encoding   

  12  0:00  Probe  
  13  0:12  Probe  
  14  0:24  Probe  
  15  0:35  Pylon  
  15  0:53  Gateway  
  15  0:55  Gateway  
  15  0:58  Gateway  
  15  1:09  Gateway  
  15  1:12  Probe  
  16  1:24  Pylon  
  16  1:25  Probe  
  17  1:40  Zealot (Chrono Boost)  
  17  1:42  Zealot (Chrono Boost)  
  23  1:51  Zealot (Chrono Boost)  
  27  2:01  Zealot (Chrono Boost)  
  27  2:03  Zealot (Chrono Boost)  
  27  2:04  Zealot (Chrono Boost)  
  29  2:10  Pylon  
  29  2:22  Zealot (Chrono Boost)  
  31  2:29  Zealot  
  33  2:32  Zealot  
  35  2:42  Zealot  
  37  2:57  Zealot  
  39  3:01  Zealot  
Tags
 
Matchup
PvZ
Replay Pack
Replays
Spawn Locations
Cross Positions
Add a new tag
Caveats
  • Supply blocks, unpowered buildings, or Contaminate may cause inaccurate times.
  • Supply counts are checked every 10 seconds.